 Dungeon Crawl Stone Soup version 0.30-a0-335-ge5acde7520 (webtiles) character file.

Game seed: 14169092142729697968

26536 Muataran the Severer (level 13, -11/119 HPs)
             Began as a Hill Orc Monk on Oct 31, 2022.
             Was the Champion of Okawaru.
             Mangled by a very large slime creature (42 damage)
             ... on level 5 of the Lair of Beasts.
             The game lasted 00:35:31 (14568 turns).

Muataran the Severer (Hill Orc Monk)               Turns: 14568, Time: 00:35:31

Health: -11/119    AC: 18    Str: 19    XL:     13   Next: 26%
Magic:  20/20      EV:  7    Int: 10    God:    Okawaru [******]
Gold:   787        SH:  0    Dex: 13    Spells: 12/12 levels left

rFire   + . .      SeeInvis .    a - +1 battleaxe (flame)
rCold   + . .      Faith    .    (shield currently unavailable)
rNeg    + . .      Spirit   .    q - +0 plate armour
rPois   .          Reflect  .    h - +2 hat
rElec   .          Harm     .    m - scarf {rC+ rF+}
rCorr   .          Rampage  .    (no gloves)
Will    .....                    A - +0 pair of boots
Stlth   ..........               v - amulet of regeneration
HPRegen 1.19/turn                z - ring of positive energy
MPRegen 0.17/turn                (no ring)

@: no status effects
A: no striking features
a: Renounce Religion, Heroism, Finesse, Duel


You were on level 5 of the Lair of Beasts.
You worshipped Okawaru.
Okawaru was exalted by your worship.
You visited 3 branches of the dungeon, and saw 16 of its levels.
You also visited: Ossuary and Gauntlet.

You collected 1040 gold pieces.
You spent 253 gold pieces at shops.

Inventory:

Hand Weapons
 a - a +1 battleaxe of flaming (weapon)
 r - a +6 executioner's axe of freezing
Missiles
 p - a throwing net (quivered)
Armour
 h - a +2 hat (worn)
 m - a scarf of resistance (worn)
 q - a +0 plate armour (worn)
 x - a +0 cloak
 A - a +0 pair of boots (worn)
 V - the -1 pair of gloves of the Three of Wands {rC+++ Will- Str+3 Dex+2}
   (Okawaru gifted it to you in a Gauntlet)

   Str:       It affects your strength (+3).
   Dex:       It affects your dexterity (+2).
   rC:        It renders you almost immune to cold.
   Will:      It decreases your willpower.
Jewellery
 g - an amulet of reflection
 v - an amulet of regeneration (around neck)
 z - a ring of positive energy (left hand)
 C - a ring of resist corrosion
 K - a +6 ring of strength
 L - a ring of fire
 N - a ring of see invisible
 R - the ring of Wuthrong {Wiz rF+ Str+4}
   (You found it in a Gauntlet)

   [ring of wizardry]

   It improves your spell success rate.
   Str:       It affects your strength (+4).
   rF:        It protects you from fire.
 T - a ring of poison resistance
 U - a ring of positive energy
 W - a +4 ring of slaying
 X - a +6 ring of intelligence
Wands
 y - a wand of flame (48)
 E - a wand of light (13)
 H - a wand of polymorph (6)
 Q - a wand of roots (4)
Scrolls
 b - 4 scrolls of fear {unknown}
 e - 5 scrolls of magic mapping
 f - 7 scrolls of identify
 i - 5 scrolls of enchant armour {unknown}
 j - 2 scrolls of amnesia {unknown}
 k - a scroll of vulnerability {unknown}
 l - a scroll of enchant weapon
 n - 6 scrolls of teleportation {unknown}
 o - a scroll of blinking
 s - 2 scrolls of poison {unknown}
 w - 2 scrolls of silence {unknown}
 D - 3 scrolls of butterflies {unknown}
 J - a scroll of immolation
 S - a scroll of torment
Potions
 c - a potion of ambrosia
 d - 6 potions of curing
 t - 5 potions of flight
 u - 2 potions of attraction
 B - 2 potions of brilliance
 F - 2 potions of degeneration
 G - a potion of magic
 I - 3 potions of resistance
 M - a potion of might
 O - a potion of mutation
Miscellaneous
 P - a piece from Xom's chessboard (15/15)


   Skills:
 + Level 12.9 Fighting
 * Level 19.0 Axes
 + Level 11.4 Armour
 - Level 2.4 Dodging
 - Level 1.5 Stealth
 - Level 10.0 Invocations


You had 12 spell levels left.
You didn't know any spells.
Your spell library contained the following spells:

 Spells                   Type           Power      Damage    Failure   Level
 Foxfire                  Conj/Fire      0%         2x1d4     100%        1
 Magic Dart               Conj           0%         1d3       100%        1
 Shock                    Conj/Air       0%         1d3       100%        1
 Static Discharge         Conj/Air       0%         2-2/arc   100%        2
 Mephitic Cloud           Conj/Pois/Air  0%         N/A       100%        3
 Swiftness                Air            0%         N/A       100%        3
 Vhi's Electric Charge    Tloc/Air       0%         N/A       100%        3
 Airstrike                Air            0%         2d(0-16)  100%        4
 Arcjolt                  Conj/Air       0%         1d10      100%        5
 Fireball                 Conj/Fire      0%         3d3       100%        5
 Lightning Bolt           Conj/Air       0%         1d11      100%        5
 Starburst                Conj/Fire      0%         6d3       100%        6
 Call Imp                 Summ           Unusable   N/A       N/A         2

Dungeon Overview and Level Annotations

Branches:
Dungeon (11/15)            Temple (1/1) D:4            Lair (3/5) D:8
  Snake (0/4) Lair:2      Ossuary (visited)         Gauntlet (visited)
  Swamp: Lair:2-3    Shoals: Lair:2-3       Orc: D:9-12

Altars:
Ashenzari
Cheibriados
Dithmenos
Elyvilon
Fedhas
Gozag
Hepliaklqana
Kikubaaqudgha
Makhleb
Nemelex Xobeh
Okawaru
Qazlal
Ru
Sif Muna
Trog
Uskayaw
Vehumet
Wu Jian
Xom
Yredelemnul
Zin
The Shining One

Shops:
D:1 *   D:6 !   D:7 [=


Message History

Press: ? - help, Shift-Dir - straight line, f - komodo dragon
Aim: a komodo dragon (79% to hit)
The bolt of light hits the very large slime creature!
The very large slime creature is heavily wounded.
The bolt of light hits the komodo dragon!
The komodo dragon is moderately wounded.
The komodo dragon is blinded.
Aiming: Bolt of Light
Press: ? - help, Shift-Dir - straight line, f - wolf, p - komodo dragon
Aim: a wolf (53% to hit)
The bolt of light hits the very large slime creature!
The very large slime creature is severely wounded.
The bolt of light misses the wolf.
The very large slime creature hits you!
Aiming: Bolt of Light
Press: ? - help, Shift-Dir - straight line, f - wolf, p - wolf
Aim: a wolf (53% to hit)
The bolt of light hits the very large slime creature!
The very large slime creature is severely wounded.
The bolt of light hits the wolf!
The wolf is moderately wounded.
The very large slime creature hits you.
Aiming: Bolt of Light
Press: ? - help, Shift-Dir - straight line, f - wolf, p - wolf
Aim: a wolf (53% to hit)
The bolt of light hits the very large slime creature!
The very large slime creature is severely wounded.
The bolt of light hits the wolf!
The wolf is severely wounded.
You hear an angry hiss.
The very large slime creature hits you!!
* * * LOW HITPOINT WARNING * * *
Aiming: Bolt of Light
Press: ? - help, Shift-Dir - straight line, f - wolf, p - wolf
Aim: a wolf (moderately wounded, 53% to hit)
The bolt of light hits the very large slime creature.
The very large slime creature is severely wounded.
The bolt of light hits the wolf.
The wolf is heavily wounded.
The very large slime creature hits you!!!
You die...

..........Y
........#.
P.........
....#....#
...h.....#
#......# .
##....P#
.h#.....###
.....J..#@#
......llJ##
.......hh#
.###.....#
#$...##
#.....#
..[.....#..
...$#....###
.#.#.....


You could see a very large slime creature, 2 komodo dragons and 2 wolves.

Vanquished Creatures
  A minotaur (Gauntlet)
  2 hydras (D:10)
  A death yak (Lair:2)
  3 two-headed ogres
  A death scarab (Gauntlet)
  A death knight (D:10)
  A spectral death yak (Gauntlet)
  Pikel (D:5)
  An ugly thing (D:10)
  Maurice (D:10)
  A cyclops (D:10)
  2 manticores
  2 black mambas
  2 cane toads (Lair:3)
  A torpor snail (Lair:3)
  Psyche (D:9)
  5 komodo dragons
  2 rime drakes
  2 polar bears
  A troll (D:10)
  A slime creature (Lair:5)
  12 blink frogs
  A raiju (Gauntlet)
  Sigmund (D:3)
  A wyvern (D:7)
  A wraith (D:10)
  3 centaur simulacra (Gauntlet)
  A shadow (D:10)
  14 yaks
  Eustachio (D:6)
  2 basilisks (Lair:2)
  A steam dragon (D:7)
  2 vampire mosquitoes (D:10)
  4 nagas (Lair:2)
  A hydra simulacrum (Gauntlet)
  10 water moccasins
  2 acid dragons
  2 orc warriors
  A sky beast (D:8)
  5 ice beasts
  A black bear (D:6)
  16 wolves
  4 ogres
  A centaur (D:7)
  A phantom (D:7)
  A gnoll sergeant (D:10)
  3 kobold brigands
  6 bullfrogs
  3 water moccasin zombies (Ossuary)
  A scorpion (Ossuary)
  7 wights
  7 killer bees
  A vampire bat (D:3)
  2 howler monkeys
  6 electric eels
  A centaur zombie (Ossuary)
  A gnoll bouda (D:7)
  A bullfrog zombie (Ossuary)
  5 jellies
  4 hounds
  5 orc priests
  3 iguanas
  Terence (D:2)
  8 orc wizards
  3 scorpion zombies (Ossuary)
  2 lightning spires (Gauntlet)
  16 gnolls
  7 adders
  2 white imps
  An ufetubus (D:5)
  4 adder zombies (Ossuary)
  3 worms
  A dart slug (D:1)
  27 orcs
  10 ball pythons
  6 endoplasms
  5 giant cockroaches
  12 hobgoblins
  4 jackals (D:1)
  9 kobolds
  A quokka (D:2)
  15 bats
  6 frilled lizards
  6 gnoll zombies (Ossuary)
  11 goblins
  2 goblin zombies (Ossuary)
  2 hobgoblin zombies (Ossuary)
  2 orc zombies (Ossuary)
  6 rats
350 creatures vanquished.

Vanquished Creatures (others)
  13 demonic plants (Gauntlet)
  14 fungi
  17 plants
44 creatures vanquished.

Grand Total: 394 creatures vanquished

Notes
Turn   | Place    | Note
-------+----------+-------------------------------------------
     0 | D:1      | Muataran the Hill Orc Monk began the quest for the Orb.
     0 | D:1      | Reached XP level 1. HP: 19/19 MP: 1/1
   125 | D:1      | Reached XP level 2. HP: 21/27 MP: 2/2
   316 | D:1      | Found Texore Pyuso's Assorted Antiques.
   424 | D:1      | Reached skill level 1 in Armour
   450 | D:1      | Reached XP level 3. HP: 18/33 MP: 3/3
   783 | D:1      | Reached skill level 5 in Axes
  1221 | D:2      | Reached XP level 4. HP: 25/40 MP: 4/4
  1471 | D:2      | Found a faded altar of an unknown god.
  1872 | D:2      | Noticed Terence
  1890 | D:2      | Killed Terence
  1891 | D:2      | Reached skill level 6 in Axes
  1891 | D:2      | Reached XP level 5. HP: 24/47 MP: 5/5
  2596 | D:3      | Noticed Sigmund
  2705 | D:4      | Noticed an ogre
  2735 | D:4      | Killed an ogre
  2736 | D:4      | Reached skill level 5 in Fighting
  2736 | D:4      | Reached XP level 6. HP: 3/56 MP: 6/6
  2907 | D:4      | Found a sand-covered staircase.
  2916 | Ossuary  | Entered an ossuary
  3066 | Ossuary  | Reached skill level 7 in Axes
  3225 | Ossuary  | Reached XP level 7. HP: 59/61 MP: 7/7
  3286 | Ossuary  | Reached skill level 8 in Axes
  3289 | Ossuary  | HP: 3/62 [water moccasin zombie (4)]
  3296 | Ossuary  | HP: 2/62 [water moccasin zombie (4)]
  3546 | Ossuary  | Noticed a silent spectre
  3654 | D:4      | Found a staircase to the Ecumenical Temple.
  3664 | Temple   | Entered the Ecumenical Temple
  3893 | Temple   | Became a worshipper of Warmaster Okawaru
  3893 | Temple   | Reached * piety under Okawaru
  3893 | Temple   | Reached ** piety under Okawaru
  4075 | D:4      | Found a stormy altar of Qazlal.
  4077 | D:4      | Found a burning altar of Makhleb.
  4077 | D:4      | Found a glowing golden altar of the Shining One.
  4077 | D:4      | Found a sparkling altar of Nemelex Xobeh.
  4098 | D:4      | Reached skill level 1 in Invocations
  4275 | D:4      | Found a shadowy altar of Dithmenos.
  4692 | D:3      | Killed Sigmund
  4693 | D:3      | Reached skill level 9 in Axes
  4693 | D:3      | Reached XP level 8. HP: 64/71 MP: 6/9
  5240 | D:5      | Entered Level 5 of the Dungeon
  5682 | D:5      | Noticed Pikel
  5697 | D:5      | Killed Pikel
  5698 | D:5      | Reached skill level 10 in Axes
  5698 | D:5      | Reached skill level 5 in Armour
  5907 | D:6      | Identified the +5 trident "Zifois" {vorpal, rC+ Int+3
                  | Dex+4}
  5919 | D:6      | Found Kaisihi's Distillery.
  5928 | D:6      | Bought a potion of magic for 88 gold pieces
  5928 | D:6      | Bought a potion of heal wounds for 55 gold pieces
  5928 | D:6      | Bought a potion of resistance for 110 gold pieces
  5975 | D:6      | Reached XP level 9. HP: 79/79 MP: 12/12
  6234 | D:6      | Reached *** piety under Okawaru
  6296 | D:6      | Reached skill level 11 in Axes
  6381 | D:6      | Reached skill level 5 in Invocations
  6657 | D:6      | Noticed Eustachio
  6688 | D:6      | Killed Eustachio
  7200 | D:7      | Found a broken altar of Ashenzari.
  7380 | D:7      | Reached **** piety under Okawaru
  7450 | D:7      | Reached skill level 12 in Axes
  7456 | D:7      | Found Tutaplor's Jewellery Shoppe.
  7633 | D:7      | Reached XP level 10. HP: 87/90 MP: 14/14
  7651 | D:7      | Found Ceut's Armour Emporium.
  8501 | D:8      | Noticed a manticore
  8534 | D:7      | Killed a manticore
  8535 | D:7      | Reached skill level 13 in Axes
  8776 | D:8      | Found a staircase to the Lair.
  8797 | D:8      | Reached ***** piety under Okawaru
  9151 | D:8      | Found a shimmering altar of Xom.
  9353 | D:9      | Reached skill level 14 in Axes
  9647 | D:9      | Reached XP level 11. HP: 47/99 MP: 9/17
  9735 | D:9      | Noticed Psyche
  9750 | D:9      | Killed Psyche
  9936 | D:9      | Noticed a two-headed ogre
  9950 | D:9      | Killed a two-headed ogre
  9951 | D:9      | Reached skill level 10 in Fighting
 10223 | D:10     | Entered Level 10 of the Dungeon
 10348 | D:10     | Noticed a two-headed ogre
 10375 | D:10     | Killed a two-headed ogre
 10440 | D:10     | Reached skill level 15 in Axes
 10616 | D:10     | Noticed a cyclops
 10616 | D:10     | Noticed a two-headed ogre
 10630 | D:10     | Killed a two-headed ogre
 10635 | D:10     | Killed a cyclops
 10674 | D:10     | Noticed a five-headed hydra
 10674 | D:10     | Noticed a death knight
 10678 | D:10     | Noticed a manticore
 10684 | D:10     | Killed a five-headed hydra
 10694 | D:10     | Killed a death knight
 10704 | D:10     | Killed a manticore
 10771 | D:10     | Noticed a seven-headed hydra
 10774 | D:10     | Noticed a white ugly thing
 10775 | D:10     | Received a gift from Okawaru
 10788 | D:10     | Killed a seven-headed hydra
 10801 | D:10     | Killed a white ugly thing
 10801 | D:10     | Reached ****** piety under Okawaru
 10802 | D:10     | Reached skill level 16 in Axes
 10911 | D:10     | Noticed Maurice
 10923 | D:10     | Killed Maurice
 10924 | D:10     | Reached XP level 12. HP: 83/110 MP: 19/19
 10996 | D:10     | Identified the +10 ring mail of Yfeetwyi {rElec rCorr Str+4
                  | Stlth+}
 11032 | D:10     | Reached skill level 10 in Invocations
 11412 | Lair:1   | Entered Level 1 of the Lair of Beasts
 11497 | Lair:1   | Received a gift from Okawaru
 11721 | Lair:1   | Reached skill level 10 in Armour
 12278 | Lair:2   | Reached skill level 17 in Axes
 12329 | Lair:2   | Found a gate leading to a gauntlet.
 12340 | Gauntlet | Entered a Gauntlet
 12340 | Gauntlet | Found a large runed translucent door.
 12340 | Gauntlet | Found a large runed translucent door.
 12340 | Gauntlet | Found a large runed translucent door.
 12340 | Gauntlet | Found a large runed translucent door.
 12340 | Gauntlet | Found a large runed translucent door.
 12340 | Gauntlet | Found a large runed translucent door.
 12340 | Gauntlet | Found a runed translucent door.
 12340 | Gauntlet | Found a transporter.
 12340 | Gauntlet | Found a transporter.
 12340 | Gauntlet | Found a runed translucent door.
 12340 | Gauntlet | Found a large runed translucent door.
 12340 | Gauntlet | Found a large runed translucent door.
 12340 | Gauntlet | Found a large runed translucent door.
 12340 | Gauntlet | Found a large runed translucent door.
 12340 | Gauntlet | Found a large runed translucent door.
 12340 | Gauntlet | Found a large runed translucent door.
 12341 | Gauntlet | Found a large runed translucent door.
 12341 | Gauntlet | Found a large runed translucent door.
 12341 | Gauntlet | Found a large runed translucent door.
 12341 | Gauntlet | Found a large runed translucent door.
 12345 | Gauntlet | Found a transporter.
 12351 | Gauntlet | Found a runed translucent gate.
 12351 | Gauntlet | Found a runed translucent gate.
 12351 | Gauntlet | Found a runed translucent gate.
 12352 | Gauntlet | Noticed a death scarab
 12353 | Gauntlet | Found a transporter.
 12357 | Gauntlet | Noticed a catoblepas
 12372 | Gauntlet | Found a transporter.
 12377 | Gauntlet | Found a transporter.
 12377 | Gauntlet | Noticed an entropy weaver
 12385 | Gauntlet | Noticed a great orb of eyes
 12401 | Gauntlet | Found a transporter.
 12416 | Gauntlet | Found a transporter.
 12417 | Gauntlet | Found a transporter.
 12419 | Gauntlet | Noticed a great orb of eyes
 12429 | Gauntlet | Found a transporter.
 12482 | Gauntlet | Found a transporter.
 12489 | Gauntlet | Found a transporter.
 12671 | Gauntlet | Killed a death scarab
 12749 | Gauntlet | Found a transporter.
 12840 | Gauntlet | Identified the ring of Wuthrong {Wiz rF+ Str+4}
 12856 | Gauntlet | Found a transporter.
 12955 | Gauntlet | Identified the +5 arbalest of the Thing {freeze, rPois
                  | Int+6}
 12955 | Gauntlet | Noticed a minotaur
 12966 | Gauntlet | Killed a minotaur
 12966 | Gauntlet | Identified the -1 pair of gloves of the Three of Wands
                  | {rC+++ Will- Str+3 Dex+2} (Okawaru gifted it to you in a
                  | Gauntlet)
 12966 | Gauntlet | Received a gift from Okawaru
 13386 | Lair:2   | Found a staircase to the Snake Pit.
 13551 | Lair:2   | Noticed a death yak
 13552 | Lair:2   | Reached skill level 18 in Axes
 13566 | Lair:2   | Killed a death yak
 14102 | Lair:3   | Reached XP level 13. HP: 88/119 MP: 20/20
 14526 | Lair:3   | You fall into a shaft and drop 2 floors!
 14526 | Lair:5   | Entered Level 5 of the Lair of Beasts
 14556 | Lair:5   | Reached skill level 19 in Axes
 14568 | Lair:5   | Mangled by a very large slime creature

Illustrated notes

Levels and vault maps discovered:
D:1:      saegor_arrival_miasma, layout_basic, serial_shops,
          nicolae_shop_overgrown_old_shop, grunt_decor_arrowhead
D:2:      layout_basic, hellmonk_ecumenical_altar_arch_garden, uniq_terence
D:3:      layout_rooms, serial_bayou_pond_a, roderic_batcave,
          nicolae_elevator_lobby_asterisk, uniq_sigmund
D:4:      layout_loops_ring, mainiacjoe_overflow_paths,
          chequers_temple_overflow_statue_of_worship, minmay_temple_entry_ruins,
          enter_ossuary_1
D:5:      layout_loops_ring, uniq_pikel
D:6:      layout_cave_pods, serial_shops, shop_fountains, minmay_misc_feat_rows,
          uniq_eustachio
D:7:      layout_cave_pods, amcnicky_altar_gilded, serial_co_window_serial,
          co_window_paths_a, co_window_cross_1, co_window_corner_a,
          co_window_paths_a, co_window_corner_a, co_window_cross_3,
          co_window_of_opportunity_b, co_window_unsneaky_path_a,
          co_window_of_opportunity_b, co_window_2corner, co_window_corner_ca,
          co_window_cross_3, co_window_4corner_b, glass_columns_a,
          glass_columns_b, glass_columns_a, glass_columns_c, serial_shops,
          nicolae_shop_advertising_works [nicolae_subvault_shop_adworks],
          kennysheep_mini
D:8:      layout_cave_pools, dk_xom_monty_hall, hellmonk_lair_entry_icy
D:9:      layout_irregular_city, small_statue_intersection, uniq_psyche
D:10:     minmay_cut_squares, layout_long_grid, uniq_maurice
D:11:     layout_long_grid, orc_0_dummy, uniq_sonja, uniq_grum
Temple:   regret_index_temple_generic_petals
Lair:1:   layout_regular_city, serial_bayou_shore_a, lemuel_fruit_fields
Lair:2:   layout_loops_ring, minmay_snake_entry_guardpost_small,
          gauntlet_entry_generic, st_stairs_10, serial_bayou_ford_a,
          infiniplex_staircase_pool_2, serial_bayou_shore_b
Lair:3:   layout_loops_ring, nicolae_swamp_entry_splash_gauntlet
Lair:5:   cheibrodos_lair_end_hotspot, layout_long_grid,
          minmay_slime_entry_pillars, basic_altar, lemuel_centaur_altar

Skill      XL: |  1  2  3  4  5  6  7  8  9 10 11 12 13 |
---------------+----------------------------------------+-----
Armour         | 1 2 3 4 5 6 8 9 11 | 11.4
Fighting       | 4 5 6 7 8 9 11 12 | 12.9
Axes           | 5 6 7 9 10 12 14 16 18 19 | 19.0
Invocations    | 2 4 6 8 9 10 | 10.0
Dodging        | |  2.4
Stealth        | |  1.5

Action                   |  1- 3 |  4- 6 |  7- 9 | 10-12 | 13-15 || total
-------------------------+-------+-------+-------+-------+-------++-------
Melee: Hand axe          |   116 |   230 |   203 |       |       ||   549
       Punch             |     1 |     1 |     3 |     8 |       ||    13
       Trident           |       |       |   124 |   427 |       ||   551
       Battleaxe         |       |       |       |   151 |    78 ||   229
Invok: Heroism           |       |       |     2 |     9 |       ||    11
       Finesse           |       |       |       |     4 |       ||     4
Evoke: Wand              |       |       |       |     8 |     5 ||    13
  Use: Scroll            |       |     2 |     3 |     5 |     5 ||    15
       Potion            |       |       |     3 |     2 |       ||     5
 Stab: Sleeping          |     2 |       |       |       |       ||     2
Armor: Robe              |     1 |       |       |       |       ||     1
       Ring mail         |    40 |    30 |       |       |       ||    70
       Plate armour      |       |    74 |   238 |   457 |    23 ||   792
Dodge: Dodged            |    70 |    94 |    91 |   248 |    20 ||   523

Table legend: (Time is in decaauts)
 A = Elapsed time spent in this place.
 B = Non-inter-level travel time spent in this place.
 C = Inter-level travel time spent in this place.
 D = Time resting spent in this place.
 E = Time spent auto-exploring this place.
 F = Levels seen in this place.
 G = Mean time per level.
                   A        B        C        D        E       F      G
               +--------+--------+--------+--------+--------+-----+--------+
         Total |  14485 |  13869 |    616 |   2083 |   8444 |  18 |  804.7 |
       Dungeon |  10362 |   9843 |    519 |   1282 |   6478 |  11 |  942.0 |
        Temple |    257 |    229 |     28 |      0 |    205 |   1 |  257.0 |
          Lair |   2356 |   2287 |     69 |    283 |   1480 |   4 |  589.0 |
       Ossuary |    719 |    719 |      0 |    375 |    158 |   1 |  719.0 |
      Gauntlet |    789 |    789 |      0 |    143 |    123 |   1 |  789.0 |
               +--------+--------+--------+--------+--------+-----+--------+

Top non-repeatable levels by time:
     D:2: 1502 daAuts
     D:7: 1465 daAuts
     D:1: 1153 daAuts
     D:6: 1109 daAuts
    D:10: 1050 daAuts
  Lair:2: 1047 daAuts
     D:4: 939 daAuts
     D:9: 896 daAuts
     D:8: 886 daAuts
  Lair:1: 855 daAuts
Gauntlet: 789 daAuts
 Ossuary: 719 daAuts
     D:3: 651 daAuts
     D:5: 647 daAuts
  Lair:3: 416 daAuts
